 Dungeon Crawl Stone Soup version 0.27.1-34-g3ba077fa99 (webtiles) character file.

Game seed: 5693931078505893814

114457 gaukoo the Warrior (level 16, -2/157 HPs)
             Began as a Minotaur Berserker on Jan 30, 2022.
             Was the Champion of Trog.
             Drowned by a water nymph (7 damage)
             ... on level 4 of the Shoals.
             The game lasted 01:12:15 (25684 turns).

gaukoo the Warrior (Minotaur Berserker)            Turns: 25684, Time: 01:12:15

Health: -2/157     AC: 26    Str: 33    XL:     16   Next: 16%
Magic:  15/15      EV: 12    Int:  7    God:    Trog [******]
Gold:   1230       SH: 20    Dex: 13    Spells: 15/15 levels left

rFire    . . .     SeeInvis .   a - +11 war axe "Zot Zepab" {freeze, Str+3 Dex+4}
rCold    . . .     Faith    .   O - +0 kite shield
rNeg     . . .     Spirit   .   b - +0 plate armour
rPois    +         Reflect  +   s - +2 hat {Int+3}
rElec    .         Harm     .   T - +0 cloak
rCorr    .         Rampage  .   h - +0 pair of gloves
Will     +....                  U - +1 pair of boots
Stlth    ..........             V - amulet of reflection
HPRegen  0.36/turn              f - ring of poison resistance
MPRegen  0.14/turn              M - ring of flight

@: flying, very slightly contaminated, invisible (expiring)
A: horns 2, retaliatory headbutt
a: Renounce Religion, Berserk, Trog's Hand, Brothers in Arms


You were on level 4 of the Shoals.
You worshipped Trog.
Trog was exalted by your worship.
You visited 3 branches of the dungeon, and saw 19 of its levels.
You also visited: Bailey.

You collected 1384 gold pieces.
You spent 154 gold pieces at shops.

Inventory:

Hand Weapons
 a - the +11 war axe "Zot Zepab" (weapon) {freeze, Str+3 Dex+4}
   (You found it on level 8 of the Dungeon)

   It freezes those it strikes, dealing additional cold damage.
   It can also slow down cold-blooded creatures.
   Str:       It affects your strength (+3).
   Dex:       It affects your dexterity (+4).
 p - the +0 hunting sling "Sefel" {venom, rElec Will+}
   (You took it off a merfolk javelineer on level 4 of the Shoals)

   Any ammunition fired from it poisons the flesh of those it strikes.
   rElec:     It insulates you from electricity.
   Will:      It increases your willpower.
 w - a +3 vorpal spear
Missiles
 N - 62 boomerangs (quivered)
Armour
 b - a +0 plate armour (worn)
 h - a +0 pair of gloves (worn)
 s - a +2 hat of intelligence (worn)
 t - a scarf of invisibility
 O - a +0 kite shield (worn)
 T - a +0 cloak (worn)
 U - a +1 pair of boots (worn)
Jewellery
 e - a +6 ring of dexterity
 f - a ring of poison resistance (left hand)
 k - a ring of positive energy
 r - a +6 ring of intelligence
 M - a ring of flight (right hand)
 Q - a ring of protection from cold
 V - an amulet of reflection (around neck)
 X - a +6 ring of strength
Scrolls
 c - 3 scrolls of blinking
 i - 8 scrolls of teleportation
 j - 2 scrolls of fog
 n - 7 scrolls of immolation
 q - 4 scrolls of amnesia
 v - 5 scrolls of identify
 A - 6 scrolls of enchant armour
 B - 3 scrolls of enchant weapon
 E - a scroll of vulnerability {unknown}
 G - 2 scrolls of magic mapping {unknown}
 I - 3 scrolls of fear {unknown}
 J - 4 scrolls of acquirement
 K - a scroll of silence {unknown}
 R - 3 scrolls of holy word {unknown}
 Y - a scroll of summoning {unknown}
Potions
 d - 4 potions of lignification
 g - 6 potions of flight {unknown}
 l - a potion of invisibility
 m - 7 potions of curing
 o - a potion of berserk rage {unknown}
 u - 5 potions of might
 x - 2 potions of mutation {unknown}
 D - 2 potions of attraction
 H - 5 potions of haste
 L - 2 potions of brilliance {unknown}
 P - a potion of magic {unknown}
 S - a potion of degeneration {unknown}
 W - 2 potions of resistance
Miscellaneous
 Z - a tin of tremorstones (2/2)


   Skills:
 + Level 17.6 Fighting
 - Level 16.0 Axes
 + Level 16.9 Armour
 + Level 8.0 Dodging
 - Level 15.0 Shields


You had 15 spell levels left.
You didn't know any spells.
Your spell library was empty.

Dungeon Overview and Level Annotations

Branches:
Dungeon (11/15)            Temple (0/1) D:6            Lair (4/6) D:9
 Shoals (4/4) Lair:3       Spider (0/4) Lair:3          Orc (0/2) D:11
 Bailey (visited)

Altars:
Cheibriados
Vehumet
Xom

Shops:
D:4 *   D:6 :(*[(   D:7 :   D:8 *   Shoals:2 :

Annotations:
Lair:2 exclusion: 4 oklob plants


Innate Abilities, Weirdness & Mutations

You have a pair of horns on your head.
You reflexively headbutt those who attack you in melee.


Message History

The storm dragon breathes lightning at you.
The bolt of lightning misses you.
The faun points at you and mumbles some strange words.
Your willpower is stripped away!
The faun moves out of view.
You hear a shout!
You feel much better.
The storm dragon breathes lightning at you.
The bolt of lightning hits you!!
* * * LOW HITPOINT WARNING * * *
A satyr comes into view. It is wielding a +0 quarterstaff.
You feel much better.
The faun unwields a +0 spear.
The faun wields a +0 hunting sling.
The faun shoots a stone.
You reflect the stone off an invisible shield around you!
The stone hits the faun!
You fade into invisibility!
The faun shoots a sling bullet.
You reflect the sling bullet off an invisible shield around you!
The sling bullet misses the faun.
You are very lightly contaminated with residual magic.
The storm dragon breathes lightning at something.
The satyr unwields a +0 quarterstaff.
The satyr wields a +0 fustibalus.
The satyr shoots a sling bullet.
The sling bullet hits the storm dragon!!
The satyr shoots a sling bullet.
The sling bullet barely misses you.
The faun shoots a stone.
You feel your willpower return.
The storm dragon breathes lightning at you.
The bolt of lightning misses you.
You see here a snapping turtle corpse.
Things that are here:
a +0 glaive; 7 boomerangs of dispersal The storm dragon breathes lightning at you.
The bolt of lightning misses you.
The storm dragon breathes lightning at you.
The bolt of lightning hits you!!!
* * * LOW HITPOINT WARNING * * *
A water nymph comes into view.
You flicker for a moment.
The water nymph touches you. The water nymph drowns you!
You die...

#.)#..≈≈≈..#...≈##...
#).#..≈≈≈..#...≈≈ ##
#).#..#≈...#....≈≈
#).# #. #.... #..#
#.D#########
#.≈.≈≈≈≈≈≈.## ####
#≈#≈#m#≈#≈≈≈# .....
#≈≈≈@≈.≈≈≈.≈# ..≈≈≈
#≈..#≈#≈.≈#≈# ≈≈≈≈≈
#....≈≈≈.≈≈≈# ≈≈.≈≈
#...#≈<≈.≈#≈# ≈≈≈≈≈
#≈≈.≈≈≈≈.≈.≈# ..#.≈
#..≈#≈#≈#≈#≈# .....
#≈.≈≈..≈≈≈≈≈#########
#≈#≈#≈#.#.#≈...)..)..
#≈≈≈.≈.≈.≈≈..........


You could see a storm dragon and a water nymph.

Vanquished Creatures
  Gastronok (Lair:3)
  2 krakens
  An orc warlord (Bailey)
  2 merfolk javelineers (Shoals:4)
  8 merfolk impalers
  Erolcha (D:11)
  Erica (D:10)
  The ghost of Jazqba the Grappler, a novice TrBe of Trog (D:10)
  5 merfolk avatars
  6 merfolk aquamancers
  3 two-headed ogres
  5 hydras
  A satyr (Shoals:3)
  An alligator snapping turtle (Shoals:2)
  4 skeletal warriors
  7 sea snakes
  A deep elf pyromancer (D:11)
  26 harpies
  21 fauns
  3 cyclopes
  9 manticores
  9 merfolk sirens
  Maurice (D:8)
  Joseph (D:8)
  17 water nymphs
  A torpor snail (Lair:2)
  A gargoyle (D:11)
  An unseen horror (D:11)
  3 rime drakes
  5 cane toads
  2 komodo dragons (Lair:2)
  3 trolls
  8 wind drakes
  23 merfolk
  2 hornets
  6 blink frogs
  5 snapping turtles
  12 dream sheep
  22 water elementals
  3 air elementals (Shoals:4)
  8 spriggans (Lair:2)
  A wraith (Shoals:1)
  34 yaks
  Sigmund (D:3)
  A basilisk (Lair:2)
  Menkaure (D:4)
  11 water moccasins
  2 black bears
  A sky beast (D:6)
  A hornet zombie (D:7)
  7 orc warriors
  An ice beast (D:7)
  A necrophage (D:6)
  5 ogres
  7 centaurs
  4 wolves (Lair:2)
  A phantom (D:5)
  3 kobold brigands
  Blork the orc (D:3)
  13 bullfrogs
  6 scorpions
  A water moccasin zombie (D:5)
  A wyvern skeleton (D:5)
  A water moccasin skeleton (D:4)
  4 wights (D:7)
  2 howler monkeys (D:7)
  An electric eel (Lair:3)
  6 centaur zombies
  7 hounds
  4 jellies
  5 orc priests
  A bullfrog skeleton (D:3)
  Jessica (D:3)
  An iguana (D:6)
  4 orc wizards
  5 hell rats (Lair:4)
  A hound skeleton (D:4)
  2 howler monkey zombies
  7 gnolls
  5 adders
  A white imp (D:6)
  6 worms
  4 dart slugs
  25 orcs
  11 endoplasms
  4 giant cockroaches
  12 hobgoblins
  6 jackals
  26 kobolds
  4 quokkas
  A ball python (D:2)
  5 bats
  A frilled lizard (D:1)
  6 goblins
  4 rats
  A plant (Lair:2)
  3 tentacles
523 creatures vanquished.

Vanquished Creatures (collateral kills)
  2 merfolk impalers (Shoals:4)
  A sea snake (Shoals:4)
  A harpy (Shoals:3)
  3 fauns (Shoals:3)
  2 manticores
  A water nymph (Shoals:3)
  A merfolk (Shoals:4)
  2 water elementals (Shoals:3)
13 creatures vanquished.

Vanquished Creatures (others)
  9 fungi
  73 plants
  6 tentacles
88 creatures vanquished.

Grand Total: 624 creatures vanquished

Notes
Turn   | Place    | Note
-------+----------+-------------------------------------------
     0 | D:1      | gaukoo the Minotaur Berserker began the quest for the Orb.
     0 | D:1      | Reached XP level 1. HP: 19/19 MP: 0/0
   249 | D:1      | Reached skill level 4 in Fighting
   249 | D:1      | Reached XP level 2. HP: 27/27 MP: 1/1
   477 | D:1      | Reached XP level 3. HP: 34/34 MP: 2/2
   982 | D:2      | Found a snail-covered altar of Cheibriados.
  1278 | D:2      | Reached ** piety under Trog
  1541 | D:2      | Found a faded altar of an unknown god.
  1855 | D:3      | Reached skill level 5 in Axes
  1861 | D:2      | Reached XP level 4. HP: 13/41 MP: 3/3
  2276 | D:3      | Reached skill level 5 in Fighting
  2360 | D:3      | Noticed an ogre
  2368 | D:3      | Killed an ogre
  2369 | D:3      | Reached XP level 5. HP: 50/50 MP: 4/4
  2468 | D:3      | Noticed Sigmund
  2473 | D:3      | Reached skill level 6 in Fighting
  2477 | D:3      | Killed Sigmund
  2478 | D:3      | Reached XP level 6. HP: 57/58 MP: 5/5
  2646 | D:3      | Noticed Jessica
  2658 | D:3      | Killed Jessica
  2852 | D:4      | Reached XP level 7. HP: 64/64 MP: 6/6
  2854 | D:4      | Noticed Blork the orc
  2865 | D:3      | Reached *** piety under Trog
  2866 | D:3      | Killed Blork the orc
  2867 | D:3      | Reached skill level 7 in Fighting
  3334 | D:4      | Found Docelurph's General Store.
  3584 | D:4      | You fall into a shaft and drop 1 floor!
  3584 | D:5      | Entered Level 5 of the Dungeon
  3626 | D:4      | Noticed Menkaure
  3632 | D:4      | Killed Menkaure
  3875 | D:4      | Bought a scroll of enchant armour for 90 gold pieces
  3875 | D:4      | Bought a potion of curing for 36 gold pieces
  3899 | D:5      | Reached XP level 8. HP: 50/74 MP: 7/7
  4170 | D:5      | Reached skill level 10 in Axes
  4184 | D:5      | Reached skill level 8 in Fighting
  4900 | D:6      | Found Pifucycu's General Store.
  4901 | D:6      | Found Quadif's Antique Armour Emporium.
  4912 | D:6      | Found Odas's Weapon Emporium.
  5355 | D:6      | Found a staircase to the Ecumenical Temple.
  5577 | D:6      | Found Buli's Antique Weapon Emporium.
  5698 | D:6      | Found Nicze's Book Emporium.
  5897 | D:6      | Reached skill level 9 in Fighting
  5897 | D:6      | Reached XP level 9. HP: 83/83 MP: 8/8
  5971 | D:6      | Bought a scroll of identify for 28 gold pieces
  6066 | D:7      | Found Leholab's Book Emporium.
  6580 | D:7      | Reached **** piety under Trog
  6626 | D:7      | Found a flagged portal.
  6650 | Bailey   | Entered a bailey
  6665 | Bailey   | Noticed an orc warlord
  6816 | Bailey   | Found a runed translucent gate.
  6816 | Bailey   | Found a runed translucent gate.
  6817 | Bailey   | Found a runed translucent gate.
  7146 | Bailey   | Reached skill level 10 in Fighting
  7148 | Bailey   | Killed an orc warlord
  7149 | Bailey   | Reached XP level 10. HP: 54/94 MP: 9/9
  7664 | D:7      | Reached skill level 5 in Armour
  8120 | D:7      | Reached skill level 11 in Fighting
  8521 | D:8      | Reached skill level 1 in Shields
  8884 | D:8      | Noticed Maurice
  8896 | D:8      | Killed Maurice
  8980 | D:8      | Noticed a two-headed ogre
  8989 | D:8      | Killed a two-headed ogre
  9624 | D:8      | Found a shimmering altar of Xom.
  9716 | D:8      | Noticed Joseph
  9726 | D:8      | Killed Joseph
  9870 | D:8      | Found Sokkog's Island Escapes.
 10070 | D:8      | Identified the +11 war axe "Zot Zepab" {freeze, Str+3
                  | Dex+4}
 10308 | D:8      | Reached skill level 5 in Shields
 10332 | D:9      | Noticed a two-headed ogre
 10446 | D:8      | Killed a two-headed ogre
 10447 | D:8      | Reached XP level 11. HP: 53/102 MP: 10/10
 10741 | D:9      | Found a staircase to the Lair.
 10893 | D:9      | Noticed a two-headed ogre
 10899 | D:9      | Reached ***** piety under Trog
 10901 | D:9      | Killed a two-headed ogre
 11022 | D:9      | Reached skill level 10 in Armour
 11255 | D:10     | Entered Level 10 of the Dungeon
 11282 | D:10     | Noticed Erica
 11677 | D:10     | Killed Erica
 12031 | D:10     | Found a runed translucent door.
 12033 | D:10     | Noticed Jazqba's ghost (novice TrBe)
 12434 | D:10     | Found a radiant altar of Vehumet.
 12584 | D:10     | Killed Jazqba's ghost
 12799 | D:11     | Found a staircase to the Orcish Mines.
 12829 | D:11     | Noticed a skeletal warrior
 12829 | D:11     | Noticed a skeletal warrior
 12829 | D:11     | Noticed a skeletal warrior
 12829 | D:11     | Noticed a skeletal warrior
 12829 | D:11     | Noticed a skeletal warrior
 12871 | D:11     | HP: 5/102 [skeletal warrior (16)]
 12943 | D:10     | Killed a skeletal warrior
 13452 | D:10     | Reached skill level 15 in Axes
 13452 | D:10     | Reached skill level 5 in Dodging
 13452 | D:10     | Reached skill level 10 in Shields
 13452 | D:10     | Reached XP level 12. HP: 110/110 MP: 11/11
 13573 | D:11     | Noticed Erolcha
 13578 | D:11     | Killed Erolcha
 14051 | D:11     | Reached XP level 13. HP: 99/116 MP: 12/12
 14335 | Lair:1   | Entered Level 1 of the Lair of Beasts
 14938 | Lair:1   | Received a gift from Trog
 15528 | Lair:2   | Found a gate leading to a gauntlet.
 15803 | Lair:2   | Identified the -4 buckler of Uxat {rPois}
 15851 | Lair:2   | You fall into a shaft and drop 2 floors!
 17233 | Lair:3   | Found a hole to the Spider Nest.
 17615 | Lair:3   | Reached skill level 15 in Shields
 17956 | Lair:3   | Found a staircase to the Shoals.
 17970 | Lair:3   | Noticed Gastronok
 17981 | Lair:3   | Killed Gastronok
 18282 | Shoals:1 | Entered Level 1 of the Shoals
 18326 | Shoals:1 | Reached XP level 14. HP: 108/124 MP: 13/13
 18905 | Shoals:1 | Reached skill level 12 in Fighting
 19482 | Shoals:1 | Noticed a kraken
 19494 | Shoals:1 | Killed a kraken
 19913 | Shoals:1 | Reached ****** piety under Trog
 20416 | Shoals:2 | Reached skill level 13 in Fighting
 20450 | Shoals:2 | Received a gift from Trog
 21010 | Shoals:2 | Found Seecac's Self-Improvement Boutique.
 21067 | Shoals:2 | Reached skill level 14 in Fighting
 21553 | Shoals:2 | Noticed a kraken
 21563 | Shoals:2 | Killed a kraken
 21564 | Shoals:2 | Reached XP level 15. HP: 92/139 MP: 14/14
 22322 | Shoals:3 | Reached skill level 15 in Armour
 22364 | Shoals:3 | Reached skill level 15 in Fighting
 22365 | Shoals:3 | Received a gift from Trog
 23027 | Shoals:3 | Reached skill level 16 in Fighting
 23892 | Shoals:4 | Entered Level 4 of the Shoals
 24126 | Shoals:4 | Paralysed by an air elemental for 1 turns
 24132 | Shoals:4 | Paralysed by an air elemental for 1 turns
 24417 | Shoals:4 | Identified the +0 hunting sling "Sefel" {venom, rElec
                  | Will+}
 24515 | Shoals:4 | Reached skill level 17 in Fighting
 24951 | Shoals:4 | Paralysed by an air elemental for 1 turns
 25293 | Shoals:4 | Reached XP level 16. HP: 129/155 MP: 15/15
 25642 | Shoals:4 | Noticed a storm dragon
 25678 | Shoals:4 | HP: 2/157 [storm dragon/bolt of lightning (40)]
 25684 | Shoals:4 | Drowned by a water nymph

Illustrated notes

Levels and vault maps discovered:
D:1:      minmay_arrival_shattered_statue, layout_basic, minmay_small_reverse_x
D:2:      layout_loops_ring, ebering_ecumenical_altar_mist, basic_altar,
          roderic_lattice_a
D:3:      layout_rooms, corexii_item_surrounded_by_moat, uniq_sigmund,
          uniq_jessica
D:4:      layout_cave_pools, serial_shops, shop, minmay_box_of_dots,
          uniq_menkaure, uniq_blork_the_orc
D:5:      layout_basic, hangedman_abyss_or_decor_stabs
D:6:      wad_pebble_path, layout_basic, temple_doors_e, serial_shops, shop,
          nicolae_shop_window_shopping,
          nicolae_shop_competitors_out_of_business, nicolae_square_shop,
          nicolae_shop_crystal, serial_bayou_pond_c, serial_park_tiny_pond
D:7:      layout_basic, serial_shops, nicolae_diamond_shop, enter_bailey_6,
          st_stairs_13
D:8:      layout_loops_ring, lemuel_round_altar, nicolae_island_escapes,
          uniq_maurice, uniq_joseph
D:9:      layout_rooms, lair_entry_dummy
D:10:     layout_basic, mainiacjoe_overflow_cross_hatched,
          ebering_ghost_reflecting_pool, uniq_erica
D:11:     layout_roguey, orc_0_dummy, chequers_serial_rivers_micro_a,
          uniq_erolcha
Lair:1:   layout_cave_pods
Lair:2:   kb_forest_paths, layout_regular_city, gauntlet_entry_generic,
          chequers_serial_rivers_micro_a, serial_bayou_shore_b,
          minmay_lair_oklob_chamber, lemuel_fruit_tree
Lair:3:   layout_loops_ring, elwin_shoals_entry_stream,
          nicolae_spider_entry_non_spiders, serial_bayou_pond_b, uniq_gastronok
Lair:4:   layout_long_grid, nicolae_volcano_entry_vermiform,
          lemuel_fruit_fields, serial_bayou_shore_b, serial_bayou_shore_a,
          grunt_megastairs_2
Shoals:1: layout_shoals, nicolae_shoals_so_close
Shoals:2: layout_shoals, nicolae_shop_self_help
Shoals:3: layout_shoals
Shoals:4: shoals_end_hellmonk_storm_palace [storm_palace_center_circular,
          storm_palace_corner_altar, storm_palace_corner_grid,
          storm_palace_corner_grid, storm_palace_corner_narrow]

Skill      XL: |  1  2  3  4  5  6  7  8  9 10 11 12 13 14 15 |
---------------+----------------------------------------------+-----
Fighting       | 4 5 6 7 9 10 11 14 17 | 17.6
Axes           | 4 5 6 7 9 11 13 15 16 | 16.0
Armour         | 4 9 11 14 16 | 16.9
Shields        | 6 10 11 15 | 15.0
Dodging        | 5 7 8 |  8.0

Action                   |  1- 3 |  4- 6 |  7- 9 | 10-12 | 13-15 | 16-18 || total
-------------------------+-------+-------+-------+-------+-------+-------++-------
Melee: Hand axe          |    70 |    54 |   198 |    88 |       |       ||   410
       Headbutt          |    15 |    11 |    37 |    62 |   190 |    13 ||   328
       War axe           |       |       |       |   165 |   660 |    62 ||   887
Invok: Berserk           |       |       |     3 |     5 |       |       ||     8
       Trog's Hand       |       |       |     1 |     3 |     3 |       ||     7
       Brothers in Arms  |       |       |       |       |     4 |       ||     4
  Use: Scroll            |       |       |     3 |    11 |       |       ||    14
       Potion            |       |       |     1 |     1 |     6 |     3 ||    11
 Stab: Sleeping          |     1 |       |       |       |       |       ||     1
Armor: Animal skin       |     7 |       |       |       |       |       ||     7
       Ring mail         |     5 |    13 |    23 |       |       |       ||    41
       Chain mail        |       |       |    54 |    80 |       |       ||   134
       Plate armour      |       |       |       |    38 |   209 |    12 ||   259
Dodge: Dodged            |    47 |    34 |    89 |    71 |   177 |    15 ||   433
Block: Kite shield       |       |       |       |   117 |   421 |    54 ||   592
       Reflection        |       |       |       |       |     3 |     3 ||     6
